 Dungeon Crawl Stone Soup version 0.31-a0-358-gac0dbeb3ab (webtiles) character file.

Game seed: 15664041703644331239

20250 Dittersdorf the Fighter (level 12, -2/81 HPs)
             Began as a Gargoyle Fighter on July 25, 2023.
             Was a High Priest of Okawaru.
             Slain by a death yak (11 damage)
             ... on level 1 of the Lair of Beasts.
             The game lasted 00:19:47 (12875 turns).

Dittersdorf the Fighter (Gargoyle Fighter)         Turns: 12875, Time: 00:19:47

Health: -2/81      AC: 26    Str: 25    XL:     12   Next: 77%
Magic:  12/12      EV:  9    Int:  9    God:    Okawaru [*****.]
Gold:   539        SH: 12    Dex: 15    Spells: 11/11 levels left

rFire   + . .        E - +6 eveningstar (protect)
rCold   . . .        c - +0 buckler
rNeg    + . .        u - +4 chain mail {rF+}
rPois   ∞            D - +0 helmet
rElec   +            (no cloak)
rCorr   +            (no gloves)
SInv    .            (no boots)
Will    .....        q - amulet of reflection Stlth
                     o - +6 ring of dexterity
HPRegen 0.33/turn    v - ring of resist corrosion
MPRegen 0.13/turn

%: reflection
@: no status effects
A: sickness immunity, AC +8, negative energy resistance 1, electricity
resistance, torment resistance 1, petrification resistance
a: Renounce Religion, Heroism, Finesse, Duel


You were on level 1 of the Lair of Beasts.
You worshipped Okawaru.
Okawaru was extremely pleased with you.
You visited 3 branches of the dungeon, and saw 14 of its levels.

You collected 539 gold pieces.

Inventory:

Hand Weapons
 E - a +6 eveningstar of protection (weapon)
Missiles
 g - 2 curare-tipped darts (quivered)
 i - a throwing net
Armour
 c - a +0 buckler (worn)
 u - a +4 chain mail of fire resistance (worn)
 D - a +0 helmet (worn)
Jewellery
 f - a ring of fire
 o - a +6 ring of dexterity (left hand)
 q - an amulet of reflection (around neck)
 v - a ring of resist corrosion (right hand)
Wands
 l - a wand of quicksilver (14)
 p - a wand of mindburst (31)
 x - a wand of paralysis (4)
 B - a wand of iceblast (4)
Scrolls
 j - 3 scrolls of enchant armour
 m - 2 scrolls of fog
 r - 8 scrolls of teleportation
 w - 2 scrolls of fear
 y - a scroll of blinking
 C - a scroll of poison
Potions
 a - 7 potions of curing
 b - 4 potions of resistance
 d - 2 potions of might
 e - 3 potions of enlightenment
 h - a potion of magic {unknown}
 k - 2 potions of cancellation
 n - a potion of haste
 s - 3 potions of berserk rage
 t - a potion of attraction {unknown}
 z - a potion of mutation
 A - a potion of brilliance


   Skills:
 + Level 12.0 Fighting
 + Level 10.7 Maces & Flails
 + Level 11.9 Armour
 + Level 12.0 Shields


You had 11 spell levels left.
You didn't know any spells.
Your spell library contained the following spells:

 Spells                   Type           Power      Damage    Failure   Level
 Apportation              Tloc           0%         N/A       86%         1
 Necrotise                Necr           0%         1d4       86%         1
 Ensorcelled Hibernation  Hex/Ice        0%         N/A       95%         2
 Wereblood                Tmut           0%         N/A       95%         2
 Mephitic Cloud           Conj/Pois/Air  0%         N/A       99%         3
 Vampiric Draining        Necr           0%         2d6       99%         3
 Vhi's Electric Charge    Tloc/Air       0%         N/A       99%         3
 Volatile Blastmotes      Fire/Tloc      0%         2d10      99%         3
 Anguish                  Hex/Necr       0%         N/A       100%        4
 Fulminant Prism          Conj/Hex       0%         3d5       100%        4
 Iskenderun's Mystic Bla  Conj/Tloc      0%         2d3       100%        4
 Passage of Golubria      Tloc           0%         N/A       100%        4
 Agony                    Necr           0%         N/A       100%        5
 Arcjolt                  Conj/Air       0%         1d10      100%        5
 Yara's Violent Unravell  Hex/Tmut       0%         3d3       100%        5
 Eringya's Noxious Bog    Tmut/Pois      0%         4d6       100%        6
 Plasma Beam              Fire/Air       0%         2x1d10    100%        6
 Summon Small Mammal      Summ           Unusable   N/A       N/A         1
 Sublimation of Blood     Necr           Unusable   N/A       N/A         2
 Tukima's Dance           Hex            Unusable   N/A       N/A         3
 Summon Hydra             Summ           Unusable   N/A       N/A         7
 Infestation              Necr           Unusable   N/A       N/A         8

Dungeon Overview and Level Annotations

Branches:
Dungeon (11/15)            Temple (1/1) D:5            Lair (2/5) D:11
    Orc (0/2) D:10
  Swamp: Lair:2-3    Shoals: Lair:2-3     Snake: Lair:2-3    Spider: Lair:2-3

Altars:
Ashenzari
Cheibriados
Dithmenos
Elyvilon
Fedhas
Gozag
Hepliaklqana
Kikubaaqudgha
Makhleb
Nemelex Xobeh
Okawaru
Qazlal
Ru
Sif Muna
Trog
Uskayaw
Vehumet
Wu Jian
Xom
Yredelemnul
Zin
The Shining One

Shops:
D:6 :   D:11 (

Annotations:
D:4 2 transporters, bahustanut's ghost, amateur DsSh


Innate Abilities, Weirdness & Mutations

You are immune to sickness and miasma.
Your stone body is resilient. (AC +8)
You are immune to poison.
You resist negative energy. (rN+)
You are resistant to electric shocks. (rElec)
You are resistant to unholy torment.
You are immune to petrification.


Message History

You are too injured to fight recklessly!
You are too injured to fight recklessly!
You are too injured to fight recklessly!
You are too injured to fight recklessly!
You are too injured to fight recklessly!
You are too injured to fight recklessly!
You are too injured to fight recklessly!
You are too injured to fight recklessly!
You are too injured to fight recklessly!
You are too injured to fight recklessly!
You are too injured to fight recklessly!
You are too injured to fight recklessly!
You are too injured to fight recklessly!
You are too injured to fight recklessly!
The death yak attacks as you move away!
The death yak gores you but does no damage. x2
The death yak attacks as you move away! The death yak gores you!!
* * * LOW HITPOINT WARNING * * *
The death yak attacks as you move away! You block the death yak's attack.
The death yak attacks as you move away!
The death yak gores you but does no damage.
There is a stone staircase leading up here.
The death yak gores you!
* * * LOW HITPOINT WARNING * * *
You climb upwards.
There is a stone staircase leading down here.
The death yak attacks as you move away! You block the death yak's attack.
The death yak attacks as you move away!
The death yak gores you but does no damage.
The death yak attacks as you move away! You block the death yak's attack.
The death yak attacks as you move away! The death yak closely misses you.
The death yak attacks as you move away! The death yak gores you.
* * * LOW HITPOINT WARNING * * *
The death yak attacks as you move away! The death yak closely misses you.
The death yak attacks as you move away!
The death yak gores you but does no damage.
The death yak attacks as you move away! The death yak gores you.
* * * LOW HITPOINT WARNING * * *
The death yak gores you!
You die...

############## ##############
#............###.P..##..#.#.####
...........................#...#
).............................###
...............Y@............###.
..)............Y............##...
.................................
...............................#.
..............................##.
............................#....
...........................##....
..............................#..
.........(............#..##..###.


You could see 2 death yaks.

Vanquished Creatures
  Josephine (D:10)
  2 hydras (Lair:1)
  2 two-headed ogres
  A death yak (Lair:2)
  Nergalle (Lair:1)
  An ugly thing (D:11)
  A cyclops (D:11)
  2 black mambas (Lair:1)
  4 cane toads
  Psyche (D:9)
  A komodo dragon (Lair:1)
  A polar bear (Lair:2)
  2 trolls (D:11)
  4 wraiths (D:10)
  2 shadows
  21 yaks
  4 wyverns
  A steam dragon (D:7)
  Grum (D:8)
  3 vampire mosquitoes (D:10)
  A warg (D:10)
  Edmund (D:3)
  6 water moccasins
  9 orc warriors
  3 ice beasts
  3 black bears
  4 sky beasts
  An ogre (D:6)
  4 centaurs
  10 wolves
  3 phantoms (D:5)
  4 kobold brigands
  11 bullfrogs
  A gnoll sergeant (D:8)
  4 scorpions
  5 wights (D:9)
  10 killer bees
  8 howler monkeys
  2 hounds
  A jelly (D:7)
  A gnoll bouda (D:8)
  6 orc priests
  6 iguanas
  Terence (D:3)
  7 orc wizards
  8 gnolls (D:8)
  9 adders
  2 shadow imps
  2 white imps (D:5)
  3 worms
  5 dart slugs
  21 orcs
  5 ball pythons
  7 endoplasms
  A giant cockroach (D:1)
  14 goblins
  11 hobgoblins
  4 jackals (D:2)
  24 kobolds
  9 quokkas
  5 bats
  3 frilled lizards (D:1)
  8 rats
309 creatures vanquished.

Notes
Turn   | Place    | Note
-------+----------+-------------------------------------------
     0 | D:1      | Dittersdorf the Gargoyle Fighter began the quest for the
                  | Orb.
     0 | D:1      | Reached XP level 1. HP: 14/14 MP: 1/1
    73 | D:1      | Reached XP level 2. HP: 7/19 MP: 2/2
   650 | D:1      | Reached XP level 3. HP: 23/23 MP: 3/3
  1835 | D:2      | Reached XP level 4. HP: 29/29 MP: 4/4
  2270 | D:3      | Found a shimmering blue altar of Sif Muna.
  2342 | D:3      | Reached XP level 5. HP: 30/33 MP: 5/5
  2523 | D:3      | Found a sacrificial altar of Ru.
  2551 | D:3      | Noticed Terence
  2560 | D:3      | Killed Terence
  3201 | D:3      | Reached XP level 6. HP: 22/39 MP: 6/6
  3283 | D:4      | Noticed Edmund
  3306 | D:3      | Killed Edmund
  3417 | D:4      | Reached skill level 5 in Fighting
  3419 | D:4      | Reached skill level 5 in Armour
  3419 | D:4      | Reached skill level 5 in Shields
  3439 | D:4      | Reached XP level 7. HP: 44/44 MP: 7/7
  3781 | D:4      | Noticed bahustanut's ghost (amateur DsSh)
  3782 | D:4      | Found a transporter.
  3789 | D:4      | Found a transporter.
  3915 | D:5      | Entered Level 5 of the Dungeon
  3920 | D:5      | Found a stormy altar of Qazlal.
  4178 | D:5      | Found a staircase to the Ecumenical Temple.
  4187 | Temple   | Entered the Ecumenical Temple
  4248 | D:5      | Reached XP level 8. HP: 39/51 MP: 8/8
  4327 | D:5      | Found a hazy altar of Hepliaklqana.
  4330 | D:5      | Found a sparkling altar of Nemelex Xobeh.
  4357 | D:5      | Found a shimmering altar of Xom.
  4399 | D:5      | Found a radiant altar of Vehumet.
  4666 | D:5      | Reached skill level 5 in Maces & Flails
  4887 | D:6      | Reached XP level 9. HP: 57/57 MP: 9/9
  4936 | D:6      | Found Neitimim's Book Emporium.
  5510 | D:7      | Found an iron altar of Okawaru.
  5518 | D:7      | Became a worshipper of Warmaster Okawaru
  5994 | D:7      | You fall into a shaft and drop 3 floors!
  5994 | D:10     | Entered Level 10 of the Dungeon
  6059 | D:10     | Reached * piety under Okawaru
  6074 | D:10     | Reached XP level 10. HP: 31/64 MP: 8/10
  6300 | D:9      | Found a glowing golden altar of the Shining One.
  7062 | D:8      | Found a hide-covered altar of Uskayaw.
  7213 | D:8      | Found a broken altar of Ashenzari.
  7285 | D:8      | Reached ** piety under Okawaru
  7424 | D:8      | Noticed Grum
  7444 | D:8      | Killed Grum
  8126 | D:9      | Noticed a two-headed ogre
  8135 | D:9      | Killed a two-headed ogre
  8147 | D:9      | Noticed Psyche
  8156 | D:9      | Killed Psyche
  8156 | D:9      | Reached *** piety under Okawaru
  8195 | D:9      | Found Coshrera's Changing Room.
  8322 | D:9      | Reached XP level 11. HP: 64/71 MP: 11/11
  8945 | D:10     | Noticed Josephine
  8960 | D:10     | Killed Josephine
  8961 | D:10     | Reached skill level 10 in Shields
  8966 | D:10     | Reached skill level 10 in Fighting
  8966 | D:10     | Reached skill level 10 in Armour
  8972 | D:10     | Reached **** piety under Okawaru
  9187 | D:10     | Found a staircase to the Orcish Mines.
  9473 | D:10     | Reached ***** piety under Okawaru
  9541 | D:10     | Identified the +2 robe of Lifelessness {rN+ Regen+}
 10031 | D:11     | Noticed a cyan ugly thing
 10054 | D:11     | Killed a cyan ugly thing
 10122 | D:11     | Found Utysam's Antique Weapon Emporium.
 10209 | D:11     | Found a staircase to the Lair.
 10650 | D:11     | Noticed a cyclops
 10657 | D:11     | Killed a cyclops
 10658 | D:11     | Reached XP level 12. HP: 51/80 MP: 12/12
 10912 | D:11     | Noticed a two-headed ogre
 10924 | D:11     | Killed a two-headed ogre
 11005 | D:11     | Identified the ring "Wucevel" {rPois Dex+2}
 11199 | Lair:1   | Entered Level 1 of the Lair of Beasts
 11243 | Lair:1   | Noticed a five-headed hydra
 11258 | Lair:1   | Killed a five-headed hydra
 11258 | Lair:1   | Received a gift from Okawaru
 11259 | Lair:1   | Reached skill level 10 in Maces & Flails
 11330 | Lair:1   | Identified a scroll of acquirement
 11330 | Lair:1   | Acquired a +2 eveningstar of protection
 11372 | Lair:1   | Noticed Nergalle
 11395 | Lair:1   | Killed Nergalle
 12462 | Lair:1   | Noticed a five-headed hydra
 12471 | Lair:1   | Killed a five-headed hydra
 12471 | Lair:1   | Received a gift from Okawaru
 12497 | Lair:1   | Got Sif Muna's Information on Pestilence and Black
                  | Mysteries
 12668 | Lair:2   | Identified the +6 rapier of Bugegh {venom, Str+3 SInv}
 12836 | Lair:2   | Noticed a death yak
 12837 | Lair:2   | Noticed a death yak
 12839 | Lair:2   | Noticed a death yak
 12842 | Lair:2   | Noticed a death yak
 12843 | Lair:2   | Noticed a death yak
 12844 | Lair:2   | Noticed a death yak
 12847 | Lair:2   | Killed a death yak
 12875 | Lair:1   | Slain by a death yak

Illustrated notes

Levels and vault maps discovered:
D:1:      dpeg_arrival_morbid_curiosity, layout_loops_corners, serial_forest,
          infiniplex_forest_straight_5, infiniplex_forest_lined_2,
          infiniplex_forest_clump_medium, infiniplex_forest_lined_3_way,
          infiniplex_forest_lined_1, infiniplex_forest_clump_medium,
          infiniplex_forest_end_2, infiniplex_forest_straight_4,
          infiniplex_forest_lined_3, infiniplex_forest_diagonal,
          hangedman_decor_points
D:2:      layout_loops_ring, serial_forest, infiniplex_forest_end_1,
          infiniplex_forest_clump_medium, infiniplex_forest_lined_corner,
          infiniplex_forest_end_2, infiniplex_forest_straight_5
D:3:      layout_basic, mainiacjoe_overflow_cross_hatched,
          nicolae_sif_muna_condensation, hex_intersection, minivault_27,
          uniq_terence
D:4:      layout_basic, gammafunk_ghost_smash, uniq_edmund
D:5:      layout_basic, xom_butterflies, mainiacjoe_overflow_brackets,
          mainiacjoe_overflow_tiny_flanked, nicolae_overflow_squiral,
          minmay_temple_entry_statues_fountains
D:6:      layout_rooms, serial_shops, shop
D:7:      layout_gridville, kennysheep_okawaru_gauntlet, roderic_lattice_a,
          chequers_serial_rivers_large_a
D:8:      layout_basic, lemuel_tele_altar, ashenzari_altar_1, uniq_grum
D:9:      layout_basic, nicolae_tso_carved_into_rock,
          nicolae_transmutations_shop, uniq_psyche
D:10:     layout_basic, david_orc_1_choice, uniq_josephine
D:11:     layout_basic, grunt_lair_entry_orc_guard_hut, serial_shops,
          shop_statue
Temple:   chequers_temple_sunken
Lair:1:   cheibrodos_lair_river_kwai, layout_cave_shapes, uniq_nergalle
Lair:2:   layout_small_grid, minmay_swamp_entry_wisps, st_stairs_13,
          minivault_25, uniq_sonja

Skill      XL: |  1  2  3  4  5  6  7  8  9 10 11 12 |
---------------+-------------------------------------+-----
Fighting       | 4 5 7 8 9 11 12 | 12.0
Armour         | 4 5 7 8 9 10 11 | 11.9
Shields        | 4 5 7 8 9 11 12 | 12.0
Maces & Flails | 3 4 5 7 8 9 10 | 10.7

Action                     |  1- 3 |  4- 6 |  7- 9 | 10-12 || total
---------------------------+-------+-------+-------+-------++-------
  Melee: Flail             |   242 |   109 |   314 |   496 ||  1161
         Morningstar       |       |    81 |       |       ||    81
         Eveningstar       |       |       |       |   148 ||   148
  Throw: Dart              |       |     7 |       |       ||     7
 Invoke: Heroism           |       |       |     1 |     2 ||     3
    Use: Scroll            |       |       |    13 |    15 ||    28
 Armour: Scale mail        |    51 |    25 |       |       ||    76
         Chain mail        |    18 |    75 |   169 |   363 ||   625
         Skin              |       |       |       |    18 ||    18
  Dodge: Dodged            |    56 |    84 |   101 |   180 ||   421
  Block: Buckler           |    27 |    74 |   187 |   396 ||   684
         Reflection        |       |     1 |     3 |     8 ||    12

Table legend: (Time is in decaauts)
 A = Elapsed time spent in this place.
 B = Non-inter-level travel time spent in this place.
 C = Inter-level travel time spent in this place.
 D = Time resting spent in this place.
 E = Time spent auto-exploring this place.
 F = Levels seen in this place.
 G = Mean time per level.
                   A        B        C        D        E       F      G
               +--------+--------+--------+--------+--------+-----+--------+
         Total |  13067 |  12460 |    607 |   1474 |   8108 |  14 |  933.4 |
       Dungeon |  11332 |  10781 |    551 |   1152 |   7071 |  11 | 1030.2 |
        Temple |     58 |     13 |     45 |      0 |      0 |   1 |   58.0 |
          Lair |   1676 |   1667 |      9 |    322 |   1037 |   2 |  838.0 |
               +--------+--------+--------+--------+--------+-----+--------+

Top non-repeatable levels by time:
    D:10: 1670 daAuts
     D:1: 1497 daAuts
  Lair:1: 1450 daAuts
     D:3: 1315 daAuts
     D:9: 1172 daAuts
     D:7: 1105 daAuts
    D:11: 953 daAuts
     D:8: 911 daAuts
     D:5: 829 daAuts
     D:2: 754 daAuts
     D:6: 627 daAuts
     D:4: 493 daAuts
  Lair:2: 226 daAuts
  Temple: 58 daAuts
